 Dungeon Crawl Stone Soup version 0.23.2-33-g5129a83184 (webtiles) character file.

Game seed: 11513807127413576808

461 t4s4d4r the Ruffian (level 6, 42/42 HPs)
             Began as a Draconian Transmuter on July 14, 2019.
             Was an Initiate of Sif Muna.
             Quit the game on level 5 of the Dungeon.
             The game lasted 00:05:50 (3512 turns).

t4s4d4r the Ruffian (Draconian Transmuter)          Turns: 3512, Time: 00:05:51

Health: 42/42      AC:  7    Str: 12    XL:     6   Next: 79%
Magic:  9/9        EV: 12    Int: 16    God:    Sif Muna [......]
Gold:   154        SH:  0    Dex: 11    Spells: 3/9 levels left

rFire    . . .     SeeInvis .     - Unarmed
rCold    . . .     Gourm    .   (no shield)
rNeg     . . .     Faith    .   (armour unavailable)
rPois    .         Spirit   .   (helmet restricted)
rElec    .         Reflect  .   r - +0 cloak
rCorr    .         Harm     .   (no gloves)
MR       +....                  (no boots)
Stlth    +.........             k - amulet of regeneration
HPRegen  0.54/turn              n - ring of protection from magic
MPRegen  0.11/turn              (no ring)

@: no status effects
A: unfitting armour, frail 1, cold-blooded, subdued magic 1, AC +6
a: Renounce Religion


You were on level 5 of the Dungeon.
You worshipped Sif Muna.
Sif Muna was noncommittal.
You were not hungry.

You visited 1 branch of the dungeon, and saw 5 of its levels.

You collected 174 gold pieces.
You spent 20 gold pieces at shops.

Inventory:

Missiles
 a - 99 arrows
 j - 126 stones (quivered)
 o - a throwing net
Armour
 r - a +0 cloak (worn)
Jewellery
 k - an amulet of regeneration (around neck)
 n - a ring of protection from magic (left hand)
Wands
 w - a wand of random effects (22)
Scrolls
 e - a scroll of fear
 f - 2 scrolls of blinking {unknown}
 g - a scroll of enchant armour {unknown}
 h - 4 scrolls of teleportation {unknown}
 i - a scroll of fog {unknown}
 p - a scroll of random uselessness {unknown}
 s - a scroll of amnesia {unknown}
 u - 3 scrolls of remove curse {unknown}
 v - 2 scrolls of noise {unknown}
 x - a scroll of immolation {unknown}
 y - 2 scrolls of identify
Potions
 b - 2 potions of might {unknown}
 d - a potion of lignification {unknown}
 l - a potion of berserk rage
 m - 3 potions of curing
 q - a potion of heal wounds {unknown}
 t - 2 potions of degeneration {unknown}
 z - a potion of cancellation {unknown}
Comestibles
 c - 6 rations
 A - a chunk of flesh


   Skills:
 - Level 1.1 Fighting
 - Level 1.7 Dodging
 + Level 7.8 Unarmed Combat
 - Level 2.0 Spellcasting
 - Level 2.0 Transmutations


You had 3 spell levels left.
You knew the following spells:

 Your Spells              Type           Power        Failure   Level  Hunger
a - Beastly Appendage     Tmut           #.....       7%          1    #......
b - Sticks to Snakes      Tmut           #.......     12%         2    ###....
c - Spider Form           Tmut/Pois      #.........   34%         3    ###....

Your spell library contained the following spells:

 Spells                   Type           Power        Failure   Level  Hunger
 Ice Form                 Ice/Tmut       #.......     77%         4    #####..
 Blade Hands              Tmut           #.........   92%         5    ######.


Dungeon Overview and Level Annotations

Branches:
Dungeon (5/15)
 Temple: D:4-7

Altars:
Elyvilon
Sif Muna
Yredelemnul

Shops:
D:4 [*%

Annotations:
D:5 1 runed translucent door


Innate Abilities, Weirdness & Mutations

Your plain brown scales are hard. (AC +6)
You cannot fit into any form of body armour.
You are cold-blooded and may be slowed by cold attacks.
You are frail. (-10% HP)
Your spells are a little easier to cast, but a little less powerful.


Message History

Eating one of 2 chunks of flesh.
You eat one of the 2 chunks of flesh.
This raw flesh tastes terrible.
Magic restored.
Your talons disappear.
You now have 131 gold pieces (gained 7).
You now have 139 gold pieces (gained 8).
Your magical contamination has completely faded away.
You now have 154 gold pieces (gained 15).
c - 6 rations (gained 1)
A giant cockroach comes into view.
The bullfrog croaks.
Found a runed translucent door.
A giant cockroach is nearby!
A giant cockroach is nearby!
No reachable target in view!
A giant cockroach is nearby!
A giant cockroach is nearby!
A giant cockroach comes into view.
There are monsters nearby!
Are you sure you want to abandon this character and quit the game? (Confirm with "yes".)

#.# #.# #≈r #.#
#.# #≈s #.# #.#
#≈s #.# #.# ##+
#.# #.# .. #.#
#.# #. #.# #.#
#.##.#####.#
#.@........#
###..####### #
####..#######....
#........÷....#
....##..#######.#
### #<.# #....#
#.##.# #.. .#


You could see 2 giant cockroaches and a rat (wandering).

Vanquished Creatures
  2 orc wizards (D:4)
  A hound (D:4)
  Crazy Yiuf (D:2)
  An orc priest (D:4)
  An iguana (D:5)
  A worker ant (D:4)
  A hound skeleton (D:4)
  8 gnolls
  9 adders
  An ooze (D:1)
  2 worms (D:3)
  3 dart slugs
  2 leopard geckos
  6 orcs
  7 bats
  4 giant cockroaches
  5 goblins
  8 hobgoblins
  5 jackals (D:1)
  A quokka (D:4)
  A ball python (D:1)
  A frilled lizard (D:2)
  A jackal skeleton (D:4)
  10 kobolds
  A quokka skeleton (D:4)
  8 rats
91 creatures vanquished.

Vanquished Creatures (others)
  An orc (D:4)
1 creature vanquished.

Grand Total: 92 creatures vanquished

Notes
Turn   | Place    | Note
-------+----------+-------------------------------------------
     0 | D:1      | t4s4d4r the Draconian Transmuter began the quest for the
                  | Orb.
     0 | D:1      | Reached XP level 1. HP: 16/16 MP: 3/3
    44 | D:1      | Reached XP level 2. HP: 7/23 MP: 5/5
   377 | D:1      | Reached skill level 4 in Unarmed Combat
   388 | D:1      | Learned a level 2 spell: Sticks to Snakes
   588 | D:1      | Reached XP level 3. HP: 28/28 MP: 6/6
  1215 | D:2      | Reached skill level 5 in Unarmed Combat
  1215 | D:2      | Reached XP level 4. HP: 32/35 MP: 5/7
  1498 | D:2      | Found a basalt altar of Yredelemnul.
  1552 | D:2      | Found a white marble altar of Elyvilon.
  1593 | D:2      | Found a runed translucent door.
  1594 | D:2      | Noticed Crazy Yiuf
  1693 | D:2      | Learned a level 3 spell: Spider Form
  1699 | D:2      | Killed Crazy Yiuf
  1870 | D:3      | Reached XP level 5. HP: 40/40 MP: 8/8
  1981 | D:3      | Found a deep blue altar of Sif Muna.
  1987 | D:3      | Became a worshipper of Sif Muna the Loreminder
  2153 | D:3      | Reached skill level 6 in Unarmed Combat
  2528 | D:4      | Found Boxugyic's General Store.
  2537 | D:4      | Bought a scroll of identify for 20 gold pieces
  2649 | D:4      | Found Osia's Antique Armour Shoppe.
  2772 | D:4      | Reached XP level 6. HP: 15/47 MP: 5/9
  2931 | D:4      | Found Kigourot's Food Emporium.
  3059 | D:4      | Reached skill level 7 in Unarmed Combat
  3097 | D:4      | Gained mutation: Your spells are a little easier to cast,
                  | but a little less powerful. [mutagenic glow]
  3152 | D:3      | Gained mutation: You are frail. (-10% HP) [mutagenic glow]
  3438 | D:5      | Entered Level 5 of the Dungeon
  3506 | D:5      | Found a runed translucent door.
  3512 | D:5      | Quit the game

Skill      XL: |  1  2  3  4  5  6 |
---------------+-------------------+-----
Unarmed Combat | 4 5 6 7 |  7.8
Fighting       | |  1.1
Dodging        | |  1.7
Spellcasting   | |  2.0
Transmutations | |  2.0

Action                   |  1- 3 |  4- 6 || total
-------------------------+-------+-------++-------
Melee: Unarmed           |   105 |   223 ||   328
       Tailslap          |    10 |    21 ||    31
       Punch             |     2 |     3 ||     5
       Headbutt          |     1 |    11 ||    12
       Kick              |     1 |     8 ||     9
Throw: Stone             |       |     1 ||     1
 Cast: Beastly Appendage |     6 |    14 ||    20
       Spider Form       |       |     3 ||     3
  Use: Scroll            |     3 |     1 ||     4
 Stab: Sleeping          |       |     1 ||     1
  Eat: Chunk             |     1 |     9 ||    10
Armor: Skin              |    32 |    71 ||   103
Dodge: Dodged            |    96 |   141 ||   237
